Map: Pride of Altaris LE

Players

HighTenpura

  • Race: Zerg Zerg
  • League: Gold

bean - Winner!

  • Race: Terran Terran
  • League: Platinum

VOD

Have the link to the VOD?

Description

Time

  • Played on: Dec. 22, 2021, 7:59 p.m.
  • Length: 16:19
Show
View Real Time Build Order
Export as new Build Order

HighTenpura Zerg 

Build Orders: Hatch First 

Get SALT Encoding   

  12  0:02  Drone  
  13  0:12  Drone  
  14  0:16  Overlord  
  14  0:34  Drone  
  14  0:35  Drone x2  
  17  0:53  Hatchery  
  17  0:55  Drone  
  17  1:01  Extractor  
  16  1:08  Drone  
  17  1:17  Spawning Pool  
  16  1:19  Drone  
  17  1:28  Drone  
  17  1:30  Overlord  
  18  1:40  Drone  
  19  1:53  Overlord  
  19  2:04  Zergling x2  
  19  2:06  Zergling x2  
  19  2:07  Queen  
  23  2:09  Queen  
  25  2:15  Metabolic Boost  
  25  2:20  Drone  
  26  2:23  Drone  
  27  2:30  Zergling x4  
  29  2:40  Roach Warren  
  29  2:42  Drone  
  29  2:46  Drone  
  30  2:55  Overlord  
  30  3:01  Lair  
  30  3:04  Drone  
  31  3:12  Zergling x4  
  33  3:16  Drone x2  
  35  3:22  Extractor  
  34  3:31  Zergling x4  
  34  3:32  Drone x2  
  34  3:33  Drone x2  
  40  3:52  Hatchery  
  40  3:54  Baneling Nest  
  38  4:00  Drone x2  
  40  4:07  Zergling x4  
  40  4:09  Drone x2  
  44  4:14  Overlord  
  44  4:22  Overlord  
  44  4:31  Overlord  
  44  4:33  Overlord  
  44  4:36  Queen  
  46  4:42  Queen  
  48  4:45  Overseer  
  48  4:52  Drone  
  49  4:56  Drone  
  49  4:57  Drone  
  51  5:11  Pneumatized Carapace, Drone x5  
  51  5:12  Drone x2  
  58  5:26  Drone x2  
  60  5:29  Extractor  
  60  5:32  Extractor  
  58  5:36  Drone x7  
  58  5:37  Drone  
  58  5:40  Roach  
  68  5:47  Spore Crawler  
  67  5:50  Drone  
  67  5:51  Spore Crawler, Drone x4  
  71  6:04  Roach x3  
  76  6:19  Roach x2  
  76  6:21  Overlord x4  
  80  6:28  Drone  
  81  6:39  Queen x2  
  85  6:42  Drone  
  85  6:43  Drone x3  
  85  6:46  Drone x3  
  85  6:47  Roach, Extractor x2  
  91  6:48  Roach x4, Evolution Chamber  
  91  6:50  Evolution Chamber  
  98  6:55  Infestation Pit, Overlord x2  
  97  7:09  Ravager  
  97  7:10  Ravager x7  
  97  7:11  Ravager x2  
  97  7:14  Zergling x6  
  97  7:15  Hatchery, Zergling x2  
  110  7:30  Queen x2  
  114  7:39  Roach x4  
  109  8:08  Hydralisk Den  
  108  8:14  Spore Crawler  
  108  8:15  Spore Crawler  
  106  8:22  Zergling x12  
  106  8:23  Zergling x14  
  106  8:24  Zergling x6  
  122  8:27  Centrifugal Hooks  
  122  8:28  Glial Reconstitution  
  119  8:43  Hydralisk x4  
  119  8:46  Overlord x3  
  127  8:59  Drone  
  127  9:00  Overlord  
  127  9:01  Overlord  
  128  9:03  Zerg Melee Weapons Level 1  
  128  9:04  Zerg Missile Weapons Level 1  
  128  9:06  Drone x2  
  128  9:08  Drone x7  
  128  9:09  Drone x6  
  144  9:10  Drone  
  144  9:17  Hydralisk x2  
  148  9:37  Overlord x4  
  148  9:43  Baneling x2  
  148  9:44  Baneling x8  
  148  9:45  Baneling x3  
  148  9:51  Drone x3  
  148  9:52  Drone x2  
  153  9:53  Drone  
  154  10:05  Drone x3  
  154  10:06  Lurker Den, Drone x5  
  161  10:11  Spore Crawler  
  161  10:13  Spore Crawler  
  161  10:14  Spore Crawler x2  
  158  10:15  Spore Crawler x2  
  158  10:16  Grooved Spines  
  158  10:17  Spore Crawler  
  158  10:18  Drone x2  
  158  10:19  Drone x3  
  159  10:21  Extractor  
  159  10:22  Extractor  
  156  10:38  Zergling x8  
  156  10:39  Zergling x12  
  147  10:57  Zergling x10  
  152  11:18  Hydralisk, Zergling x10  
  154  11:19  Hydralisk x3, Zergling x4  
  167  11:31  Drone x3  
  170  11:33  Zerg Melee Weapons Level 2  
  170  11:34  Zerg Missile Weapons Level 2  
  170  11:39  Overseer  
  170  11:40  Overseer  
  170  11:44  Zergling x4  
  170  11:45  Hydralisk x4, Zergling x8  
  184  12:01  Drone x3  
  187  12:02  Drone  
  187  12:03  Overlord x3  
  178  12:56  Overseer  
  178  12:57  Zergling x8  
  178  12:58  Zergling x16  
  167  12:59  Zergling x12  
  167  13:00  Zergling x12  
  123  13:19  Baneling x4  
  123  13:20  Baneling x8  
  123  13:21  Baneling x5  
  123  13:36  Hydralisk x4  
  123  13:37  Hydralisk x7  
  123  13:38  Hydralisk  
  147  13:49  Spore Crawler x2, Zerg Ground Armor Level 1  
  147  13:51  Spore Crawler  
  147  13:52  Spore Crawler  
  143  14:00  Hatchery  
  143  14:02  Extractor  
  125  14:03  Zergling x14  
  125  14:04  Extractor, Zergling x14  
  138  14:20  Zergling x4  
  138  14:21  Zergling x12  
  138  14:22  Zergling x6  
  143  14:28  Zergling x2  
  143  14:29  Zergling x4  
  135  14:46  Zergling x8  
  135  14:47  Zergling x14  
  135  14:48  Zergling x12  
  125  15:05  Hydralisk x3  
  125  15:06  Hydralisk  
  125  15:07  Zergling x4  
  135  15:17  Zergling x8  
  135  15:18  Zergling x14  
  110  15:29  Zergling x2  
  110  15:30  Zergling x8  
  91  15:43  Zergling x8  
  89  15:56  Zergling x12  
Show
View Real Time Build Order
Export as new Build Order

bean Terran - Winner!

Build Orders:  

Get SALT Encoding   

  12  0:00  SCV  
  13  0:12  SCV  
  14  0:17  Supply Depot  
  14  0:25  SCV  
  15  0:39  SCV  
  15  0:40  Barracks  
  16  0:44  Refinery  
  16  0:51  SCV  
  17  1:03  SCV  
  18  1:15  SCV  
  19  1:28  Orbital Command  
  19  1:29  Barracks Reactor  
  19  1:42  Command Center  
  19  1:55  SCV  
  20  2:07  SCV, Marine x2  
  23  2:21  Supply Depot  
  23  2:29  Barracks  
  23  2:32  Barracks  
  23  2:37  Refinery  
  23  2:42  SCV, Marine x2  
  26  2:54  SCV  
  26  2:56  Orbital Command  
  26  2:58  Bunker  
  27  3:00  Marine  
  27  3:10  Marine  
  28  3:13  SCV  
  28  3:18  Barracks Tech Lab, Marine  
  28  3:19  Barracks Tech Lab  
  30  3:25  SCV  
  31  3:28  Marine  
  31  3:31  Supply Depot  
  31  3:34  SCV  
  33  3:37  SCV  
  34  3:41  Stimpack  
  34  3:46  SCV  
  34  3:48  Combat Shield  
  35  3:50  Marine  
  35  3:52  Marine  
  35  3:54  Marine  
  38  3:56  SCV  
  39  4:04  Marine  
  39  4:05  Supply Depot  
  39  4:06  SCV  
  39  4:08  SCV, Marine  
  43  4:16  Factory  
  43  4:18  SCV  
  43  4:19  Marine x2  
  43  4:22  Marine  
  47  4:25  SCV  
  47  4:30  SCV  
  47  4:31  Supply Depot  
  49  4:32  Marine  
  49  4:37  SCV, Marine  
  52  4:41  Marine  
  52  4:42  SCV, Marine  
  55  4:49  SCV  
  55  4:50  Marine  
  57  4:54  SCV, Marine  
  57  4:57  Supply Depot  
  57  4:59  Marine x2, Supply Depot  
  60  5:01  SCV  
  60  5:02  Starport  
  60  5:03  Factory Reactor  
  60  5:07  SCV  
  63  5:09  Engineering Bay  
  63  5:10  Marine  
  63  5:12  Marine  
  63  5:13  SCV  
  66  5:19  SCV  
  67  5:25  SCV  
  68  5:31  SCV  
  69  5:36  Supply Depot  
  69  5:37  Supply Depot  
  69  5:40  Marine x4  
  73  5:54  Terran Infantry Weapons Level 1  
  73  5:55  Concussive Shells  
  73  5:57  Marine  
  73  5:58  Factory Tech Lab, Marine x3  
  77  6:04  SCV x2  
  79  6:11  Supply Depot  
  79  6:12  Command Center  
  79  6:13  Medivac x2  
  79  6:14  Supply Depot  
  79  6:16  SCV  
  81  6:29  SCV  
  81  6:30  Marine x4, SCV  
  81  6:31  Siege Tank  
  90  6:42  SCV x2  
  92  6:47  Marine  
  92  6:48  Refinery, Marine x3  
  92  6:49  Supply Depot  
  92  6:52  Supply Depot  
  92  6:54  SCV  
  97  7:00  Medivac  
  99  7:03  Siege Tank  
  99  7:05  Marine  
  99  7:06  Marauder x2  
  107  7:18  Marine  
  108  7:22  Barracks  
  108  7:23  Marine  
  108  7:24  Barracks  
  108  7:27  Marauder  
  108  7:28  Marauder, SCV x2  
  116  7:35  Siege Tank  
  116  7:36  Marine  
  119  7:41  Marine  
  119  7:43  Refinery  
  120  7:48  Marine x2  
  104  8:01  SCV x2  
  104  8:03  Orbital Command, Marine x2  
  104  8:05  Medivac x2  
  112  8:06  Marine x2  
  112  8:08  Siege Tank  
  112  8:11  Terran Infantry Armor Level 1  
  117  8:13  Engineering Bay  
  117  8:19  SCV x2  
  119  8:21  Marine  
  119  8:25  Armory  
  120  8:31  SCV  
  121  8:40  Siege Tank  
  122  8:43  Marine x2  
  122  8:44  Marine  
  122  8:46  Barracks Reactor  
  126  8:50  Marauder  
  126  8:53  Barracks Reactor  
  127  8:55  SCV  
  127  8:56  SCV x2  
  127  9:01  Marine x2  
  127  9:02  Refinery, Marauder  
  134  9:03  Refinery  
  134  9:08  SCV x3  
  137  9:11  Marauder  
  137  9:13  Supply Depot  
  137  9:14  Supply Depot  
  139  9:19  Marine x2  
  139  9:20  SCV x3  
  139  9:24  Marauder  
  146  9:32  SCV  
  146  9:33  Marauder  
  146  9:37  Marine x2  
  151  9:39  Marine  
  151  9:40  Marine x3  
  151  9:45  Marauder  
  157  9:51  Siege Tank  
  160  9:54  Factory, Marauder, Medivac  
  160  9:55  Marine  
  160  9:56  Factory  
  160  9:59  Supply Depot  
  165  10:01  Supply Depot  
  165  10:20  Marine x6  
  165  10:21  Marauder  
  173  10:23  Siege Tank, Supply Depot  
  173  10:24  Supply Depot  
  175  10:38  Marine  
  133  10:43  Marine x4  
  133  10:44  Marine x3  
  133  10:46  Factory Tech Lab x2  
  133  10:48  SCV x3  
  127  10:55  Command Center  
  127  10:56  Siege Tank, Marine  
  124  11:00  SCV x3  
  124  11:01  Marine x2  
  124  11:02  Marauder x2  
  124  11:03  Marine x3  
  134  11:12  SCV x2  
  134  11:15  Siege Tank x2  
  142  11:19  Marine x2  
  142  11:20  Marine  
  142  11:21  Marine x3  
  142  11:23  Marauder x2, Medivac  
  153  11:45  Marauder x2  
  157  11:55  Supply Depot  
  157  11:57  Supply Depot  
  157  12:06  Marauder x2, SCV x2  
  157  12:07  Marine x5  
  157  12:08  Marine  
  169  12:10  Siege Tank x2  
  169  12:11  Siege Tank  
  169  12:12  Medivac  
  180  12:25  Marine x6  
  180  12:28  Marauder x2  
  187  12:42  Siege Tank  
  187  12:43  Siege Tank, Marine x3  
  162  13:13  Marine x5  
  162  13:14  Marine x3  
  162  13:15  Siege Tank  
  162  13:16  Siege Tank x2  
  162  13:17  Medivac x2  
  183  13:26  Planetary Fortress  
  183  13:28  Terran Infantry Weapons Level 2, Terran Infantry Armor Level 2  
  183  13:30  Terran Vehicle Weapons Level 1, Refinery x2  
  183  13:31  Marine x6  
  183  13:32  Marine  
  190  13:44  Marine  
  190  13:47  Medivac x2  
  190  13:48  Siege Tank  
  198  13:49  Marine x2  
  200  14:02  Marine  
  181  14:16  Marine  
  181  14:17  Marine x6  
  182  14:20  Siege Tank  
  171  14:31  Marine  
  171  14:33  Siege Tank x2  
  171  14:34  Marine x2  
  171  14:35  Marine  
  181  14:48  Marine x4  
  181  14:49  Marine  
  181  14:52  Siege Tank, Marine x3  
  163  15:05  Siege Tank  
  163  15:06  Marine x4  
  170  15:07  Marine  
  170  15:10  Marine x3  
  155  15:23  Marine x2  
  155  15:24  Marauder, Marine  
  155  15:25  Marauder  
  155  15:28  Marine  
  161  15:36  Marine x2  
  161  15:41  Marine x3  
  163  15:46  Marauder, Marine  
  163  15:47  Marauder  
  168  15:54  Marine x2  
  170  15:59  Marine x3  
Tags
 
Add a new tag
Caveats
  • Supply blocks, unpowered buildings, or Contaminate may cause inaccurate times.
  • Supply counts are checked every 10 seconds.